 Dungeon Crawl Stone Soup version 0.30-a0-1116-gebefce21f7 (webtiles) character file.

Game seed: 6409201203106776681

84 jasper the Insei (level 4, -4/54 HPs)
             Began as a Demigod Transmuter on Apr 21, 2023.
             Slain by Grinder (5 damage)
             ... on level 3 of the Dungeon.
             The game lasted 00:03:23 (2083 turns).

jasper the Insei (Demigod Transmuter)               Turns: 2083, Time: 00:03:23

Health: -4/54      AC: 22    Str: 11    XL:     4   Next: 4%
Magic:  9/9        EV:  2    Int: 19    God:
Gold:   82         SH:  0    Dex: 14    Spells: 0/6 levels left

rFire   . . .      SeeInvis .      - Unarmed
rCold   . . .      Faith    .    (no shield)
rNeg    . . .      Spirit   .    a - melded +0 robe
rPois   +          Reflect  .    (helmet currently unavailable)
rElec   .          Rampage  .    (cloak currently unavailable)
rCorr   .          NoTele   +    (gloves currently unavailable)
Will    .....                    (boots currently unavailable)
Stlth   +                        (no amulet)
HPRegen 0.29/turn                (no ring)
MPRegen 0.11/turn                (no ring)

@: tree-form
A: stationary, stasis, torment immunity, boosted hp, high MP 1, forlorn, divine
attributes
a: no special abilities


You were on level 3 of the Dungeon.
You were a tree.
You visited 1 branch of the dungeon, and saw 3 of its levels.

You collected 82 gold pieces.

Inventory:

Armour
 a - a +0 robe (melded)
Jewellery
 m - a ring of flight
Scrolls
 h - 4 scrolls of identify
 j - a scroll of amnesia {unknown}
 k - 2 scrolls of poison {unknown}
 p - a scroll of silence {unknown}
 q - a scroll of enchant weapon {unknown}
 r - a scroll of immolation
Potions
 c - a potion of curing {unknown}
 d - a potion of brilliance
 e - a potion of cancellation
 f - a potion of flight {unknown}
 g - a potion of ambrosia {unknown}
 i - a potion of berserk rage {unknown}
 l - a potion of haste {unknown}
 n - a potion of degeneration {unknown}
 o - 2 potions of heal wounds {unknown}


   Skills:
 + Level 2.0 Fighting
 + Level 2.5 Dodging
 + Level 3.3 Unarmed Combat
 - Level 1.7 Spellcasting
 + Level 2.4 Transmutations


You couldn't memorise any spells.
You knew the following spells:

 Your Spells              Type           Power      Damage    Failure   Level
a - Beastly Appendage     Tmut           22%        N/A       6%          1
b - Wereblood             Tmut           11%        N/A       10%         2
c - Spider Form           Tmut/Pois      6%         N/A       30%         3

Your spell library contained the following spells:

 Spells                   Type           Power      Damage    Failure   Level
 Call Canine Familiar     Summ           1%         N/A       45%         3
 Portal Projectile        Hex/Tloc       2%         N/A       45%         3
 Ice Form                 Ice/Tmut       6%         N/A       71%         4
 Leda's Liquefaction      Hex/Erth       0%         N/A       86%         4


Dungeon Overview and Level Annotations

Branches:
Dungeon (3/15)

Shops:
D:1 *

Annotations:
D:3 Grinder, Ijyb


Innate Abilities, Weirdness & Mutations

You are a tree.
Your roots penetrate the ground, keeping you stationary.
You cannot be teleported.
You are immune to unholy pain and torment.
Your maximum health is greatly increased.
Your equipment is partially melded.
You have an increased reservoir of magic. (+10% MP)
You shall have no god before yourself.
Your divine heritage dramatically boosts your attributes as you level up.


Message History

Unknown command.
Unknown command.
Unknown command.
Ijyb is nearby!
Unknown command.
A goblin comes into view. It is wielding a +0 dagger.
The goblin shouts!
You hear a shout!
Ijyb hits you with a +0 club.
A rat comes into view.
You take 4 damage, and have 32/36 hp.
You closely miss Ijyb. Your kick misses Ijyb.
You headbutt Ijyb, but do no damage. Ijyb barely misses you.
You barely miss Ijyb. You claw Ijyb.
Ijyb is lightly wounded.
Ijyb barely misses you.
Grinder comes into view.
You barely miss Ijyb. You claw Ijyb, but do no damage.
Ijyb is lightly wounded.
Ijyb barely misses you.
Grinder blinks!
You hit Ijyb. Your punch misses Ijyb.
Ijyb is lightly wounded.
An adder comes into view.
Ijyb hits you with a +0 club. Grinder hits you!
You writhe in agony.
You take 19 damage, and have 14/36 hp.
MASSIVE DAMAGE!!
MP restored: 9 Grinder attacks as you move away!
Grinder hits you!
* * * LOW HITPOINT WARNING * * *
You writhe in agony.
* * * LOW HITPOINT WARNING * * *
You take 13 damage, and have 1/36 hp.
MASSIVE DAMAGE!!
Really quaff the potion of lignification?
Your horns disappear.
Your talons disappear.
You turn into a tree.
Your +0 robe melds into your body.
Your roots penetrate the ground.
The adder hisses angrily.
Grinder says, "You look like you could use a good racking."
Grinder hits you.
* * * LOW HITPOINT WARNING * * *
You writhe in agony.
You die...

# ###. #....####
#....rgg#
##.###+##
+..5♣>..#
##.##...#
+.......+
##.##...#
#.......#
#.###.###.
#.........
#.###+##########
#.#............#


You could see Grinder, Ijyb and a rat.

Vanquished Creatures
  2 adders (D:2)
  A worm (D:2)
  7 ball pythons
  2 bats (D:1)
  7 endoplasms
  5 giant cockroaches
  9 goblins
  8 hobgoblins
  2 jackals (D:1)
  2 quokkas
  2 frilled lizards
  2 kobolds (D:2)
  6 rats
55 creatures vanquished.

Notes
Turn   | Place    | Note
-------+----------+-------------------------------------------
     0 | D:1      | jasper the Demigod Transmuter began the quest for the Orb.
     0 | D:1      | Reached XP level 1. HP: 15/15 MP: 5/5
    24 | D:1      | Reached skill level 1 in Fighting
   138 | D:1      | Reached XP level 2. HP: 10/23 MP: 7/7
   141 | D:1      | Learned a level 2 spell: Wereblood
   370 | D:1      | Found Urixzos's General Store.
   396 | D:1      | Reached skill level 3 in Unarmed Combat
  1125 | D:2      | Reached XP level 3. HP: 28/28 MP: 5/8
  1620 | D:2      | Reached XP level 4. HP: 22/36 MP: 9/9
  1624 | D:2      | Learned a level 3 spell: Spider Form
  2071 | D:3      | Noticed Ijyb
  2072 | D:3      | Paralysed by Ijyb for 2 turns
  2078 | D:3      | Noticed Grinder
  2081 | D:3      | HP: 1/36 [Grinder (5)]
  2083 | D:3      | Slain by Grinder

Illustrated notes

Levels and vault maps discovered:
D:1:      dpeg_arrival_more_subterranean_lakeside_camping, layout_basic,
          serial_shops, nicolae_shop_tiny_glass
D:2:      layout_basic, minmay_ruptured
D:3:      layout_basic, nicolae_overflow_two_pavilions,
          gammafunk_ghost_mausoleum, uniq_grinder, uniq_ijyb

Skill      XL: |  1  2  3 |
---------------+----------+-----
Fighting       | 1 2 |  2.0
Dodging        | 2 |  2.5
Transmutations | 2 |  2.4
Unarmed Combat | 3 |  3.3
Spellcasting   | |  1.7

Action                     |  1- 3 |  4- 6 || total
---------------------------+-------+-------++-------
  Melee: Unarmed           |   140 |    13 ||   153
         Kick              |    33 |     8 ||    41
         Headbutt          |    14 |     1 ||    15
         Punch             |     2 |       ||     2
   Cast: Beastly Appendage |    28 |     3 ||    31
    Use: Scroll            |     4 |       ||     4
         Potion            |       |     1 ||     1
 Armour: Robe              |    23 |     2 ||    25
  Dodge: Dodged            |    85 |     8 ||    93

Table legend: (Time is in decaauts)
 A = Elapsed time spent in this place.
 B = Non-inter-level travel time spent in this place.
 C = Inter-level travel time spent in this place.
 D = Time resting spent in this place.
 E = Time spent auto-exploring this place.
 F = Levels seen in this place.
 G = Mean time per level.
                   A        B        C        D        E       F      G
               +--------+--------+--------+--------+--------+-----+--------+
         Total |   2074 |   2019 |     55 |      0 |   1609 |   3 |  691.3 |
       Dungeon |   2074 |   2019 |     55 |      0 |   1609 |   3 |  691.3 |
               +--------+--------+--------+--------+--------+-----+--------+

Top non-repeatable levels by time:
     D:1: 1114 daAuts
     D:2: 661 daAuts
     D:3: 298 daAuts
